 Dungeon Crawl Stone Soup version 0.28.0 (webtiles) character file.

Game seed: 176026739003651987

6590 HallandMoats the Grappler (level 11, -1/100 HPs)
             Began as a Ghoul Monk on Feb 12, 2022.
             Was the Champion of Jiyva.
             Slain by a red ugly thing (22 damage)
             ... on level 9 of the Dungeon.
             The game lasted 00:10:29 (6194 turns).

HallandMoats the Grappler (Ghoul Monk)              Turns: 6194, Time: 00:10:29

Health: -1/100     AC: 10    Str: 16    XL:     11   Next: 2%
Magic:  14/14      EV: 14    Int:  5    God:    Jiyva [******]
Gold:   274        SH:  0    Dex: 15    Spells: 10/10 levels left

rFire   . . .      SeeInvis .     - Unarmed
rCold   + + .      Faith    .   (no shield)
rNeg    + + +      Spirit   .   y - +0 acid dragon scales
rPois   ∞          Reflect  .   i - +2 helmet
rElec   .          Harm     .   (no cloak)
rCorr   +          Rampage  .   (no gloves)
Will    .....                   (no boots)
Stlth   ++........              (no amulet)
HPRegen 1.60/turn               s - ring of protection from cold
MPRegen 0.64/turn               (no ring)

@: inhibited regen
A: claws 1, cold resistance 1, negative energy resistance 3, inhibited
regeneration, torment resistance 2
a: Renounce Religion, Oozemancy, Slimify


You were on level 9 of the Dungeon.
You worshipped Jiyva.
Jiyva was exalted by your worship.
You visited 1 branch of the dungeon, and saw 9 of its levels.
You also visited: Sewer.

You collected 300 gold pieces.
You spent 26 gold pieces at shops.

Inventory:

Hand Weapons
 d - a +3 dagger of venom
Missiles
 z - 3 throwing nets (quivered)
Armour
 g - the +3 leather armour of Qigi {-Tele rF++ Will+ Stlth+}
   (You found it on level 6 of the Dungeon)

   rF:        It greatly protects you from fire.
   -Tele:     It prevents most forms of teleportation.
   Will:      It increases your willpower.
   Stlth:     It makes you more stealthy.
 i - a +2 helmet (worn)
 l - a +0 buckler
 y - +0 acid dragon scales (worn)
Jewellery
 h - a ring of wizardry
 n - a +6 ring of intelligence
 s - a ring of protection from cold (left claw)
Wands
 x - a wand of flame (14)
Scrolls
 a - a scroll of fear
 c - 5 scrolls of teleportation
 j - a scroll of enchant weapon
 r - 2 scrolls of magic mapping
 A - a scroll of fog
Potions
 b - a potion of curing {unknown}
 e - a potion of attraction {unknown}
 f - a potion of haste
 k - 3 potions of lignification {unknown}
 o - 2 potions of mutation {unknown}
 p - a potion of magic {unknown}
 q - a potion of heal wounds
 t - a potion of resistance {unknown}
 u - a potion of ambrosia {unknown}
 v - 2 potions of degeneration {unknown}
 w - 2 potions of might {unknown}
 B - a potion of invisibility {unknown}


   Skills:
 * Level 10.2 Fighting
 + Level 5.4 Armour
 + Level 6.2 Dodging
 - Level 2.1 Stealth
 * Level 10.3 Unarmed Combat
 + Level 6.6 Invocations


You had 10 spell levels left.
You didn't know any spells.
Your spell library contained the following spells:

 Spells                   Type           Power      Damage    Failure   Level
 Summon Small Mammal      Summ           0%         N/A       56%         1
 Call Canine Familiar     Summ           0%         N/A       91%         3
 Summon Guardian Golem    Hex/Summ       0%         N/A       91%         3
 Tukima's Dance           Hex            0%         N/A       91%         3
 Passage of Golubria      Tloc           0%         N/A       100%        4
 Yara's Violent Unravell  Hex/Tmut       0%         3d3       100%        5
 Orb of Destruction       Conj           0%         9d5       100%        7
 Spellforged Servitor     Conj/Summ      0%         N/A       100%        7


Dungeon Overview and Level Annotations

Branches:
Dungeon (9/15)             Temple (0/1) D:7            Lair (0/6) D:8
  Sewer (visited)
    Orc: D:9-12

Altars:
Ashenzari
Dithmenos
Fedhas
Nemelex Xobeh
Qazlal
Ru
Yredelemnul
Jiyva

Shops:
D:1 ?   D:4 :   D:8 !

Annotations:
D:8 exclusion: 2 doors
D:9 1 runed translucent door, pkoi's ghost, journeyman MiGl


Innate Abilities, Weirdness & Mutations

You thrive by killing the living.
You are immune to poison.
You have sharp fingernails.
Your flesh is cold resistant. (rC+)
You are immune to negative energy. (rN+++)
You do not regenerate when monsters are visible.
You are immune to unholy pain and torment.


Message History

You hear a distant slurping noise.
You hear a distant slurping noise.
You hear a distant slurping noise.
Items here: )) [[.
There is an open door here.
You hear a distant slurping noise.
You hear a squelching noise.
You swing at nothing.
You barely miss the red ugly thing. You barely miss the red ugly thing.
The red ugly thing engulfs you!
You are engulfed in flames!
You scratch the red ugly thing.
The red ugly thing is lightly wounded.
The red ugly thing barely misses you.
You claw the red ugly thing! Your claw misses the red ugly thing.
The red ugly thing is lightly wounded.
The red ugly thing engulfs you!
You are engulfed in flames!!
You closely miss the red ugly thing.
The red ugly thing is lightly wounded.
The red ugly thing engulfs you!
You are engulfed in flames!!
* * * LOW HITPOINT WARNING * * *
You mangle the red ugly thing!!
The red ugly thing is heavily wounded.
You claw the red ugly thing!
The red ugly thing is heavily wounded.
The red ugly thing engulfs you but does no damage.
The red ugly thing barely misses you.
You hear a distant slurping noise.
There is a stone staircase leading down here.
You hear a distant slurping noise.
You hear a distant slurping noise. x2
The red ugly thing engulfs you.
You are engulfed in flames!!
* * * LOW HITPOINT WARNING * * *
You hear a distant slurping noise. x2
You hear a distant slurping noise.
Found an escape hatch in the ceiling.
You hear a distant slurping noise.
The red ugly thing engulfs you!
* * * LOW HITPOINT WARNING * * *
You are engulfed in flames!!
You die...

######## ######
#......#####...
.....#
+......@.......
.....#
#.....u#####..<
<....# #......#
.....# #.....O#
.....+ #####.##
.<...# ##.#
#'#### #..# #.#
###.## ..#
#...#


You could see a red ugly thing and a two-headed ogre.

Vanquished Creatures
  Harold (D:8)
  Erica (D:8)
  Pikel (D:4)
  Maggie (D:7)
  A komodo dragon (D:8)
  Grinder (D:4)
  A hornet (D:7)
  3 wyverns
  Sigmund (D:3)
  A wraith (D:9)
  A basilisk (D:8)
  A vampire mosquito (D:8)
  2 water moccasins
  An acid dragon (D:8)
  A hornet zombie (D:5)
  A swamp drake (D:8)
  Duvessa (D:7)
  An orc warrior (D:7)
  A necrophage (D:6)
  An ogre (D:4)
  2 lemures (D:4)
  2 centaurs (D:8)
  A phantom (D:4)
  2 kobold brigands
  2 bullfrogs (D:8)
  3 scorpions
  Dowan (D:7)
  2 water moccasin skeletons (D:5)
  7 killer bees
  4 wights (D:6)
  2 howler monkeys
  A bullfrog zombie (D:7)
  A centaur zombie (D:8)
  An orc priest (D:8)
  3 hounds
  A bullfrog skeleton (D:4)
  A gnoll shaman (D:8)
  An iguana (D:7)
  3 orc wizards (D:9)
  Robin (D:2)
  4 adders
  3 shadow imps
  An ufetubus (D:4)
  2 dart slugs (D:1)
  21 orcs
  10 ball pythons
  2 endoplasms (D:1)
  A giant cockroach (D:1)
  14 goblins
  9 hobgoblins
  14 jackals
  24 kobolds
  2 quokkas
  11 bats
  5 frilled lizards
  6 rats
193 creatures vanquished.

Vanquished Creatures (collateral kills)
  A black bear (D:4)
  2 orc priests (D:4)
  An iguana (D:4)
  An orc wizard (D:4)
  An orc (D:4)
6 creatures vanquished.

Vanquished Creatures (others)
  3 centaurs
  A scorpion (D:6)
  4 jellies (D:7)
  An orc priest (D:7)
  An iguana (D:6)
  Ijyb (D:3)
  3 orc wizards
  An adder (D:2)
  A white imp (D:7)
  A worm (D:2)
  A dart slug (D:4)
  7 orcs
  2 bats
  5 endoplasms
  A giant cockroach (D:4)
  A goblin (D:3)
  2 quokkas
  2 rats
  A fungus (Sewer)
  5 plants
44 creatures vanquished.

Grand Total: 243 creatures vanquished

Notes
Turn   | Place    | Note
-------+----------+-------------------------------------------
     0 | D:1      | HallandMoats the Ghoul Monk began the quest for the Orb.
     0 | D:1      | Reached XP level 1. HP: 19/19 MP: 0/0
    86 | D:1      | Reached XP level 2. HP: 20/26 MP: 1/1
   353 | D:1      | Reached XP level 3. HP: 33/33 MP: 2/2
   367 | D:1      | Found Qaxilufe's Magic Scroll Shop.
   429 | D:1      | Bought a scroll of identify for 26 gold pieces
   577 | D:1      | Found a faded altar of an unknown god.
   588 | D:1      | Prayed at the altar of an unknown god.
   588 | D:1      | Became a worshipper of Jiyva Jeqosoix the Shapeless
   588 | D:1      | Reached * piety under Jiyva
   588 | D:1      | Reached ** piety under Jiyva
   699 | D:1      | Reached skill level 1 in Invocations
   968 | D:2      | Reached XP level 4. HP: 32/40 MP: 3/3
   983 | D:2      | Reached *** piety under Jiyva
  1597 | D:3      | Noticed Robin
  1609 | D:2      | Reached skill level 1 in Armour
  1693 | D:2      | Killed Robin
  1782 | D:3      | Found a glowing drain.
  1787 | D:3      | Noticed Sigmund
  1791 | Sewer    | Entered a sewer
  1836 | Sewer    | Reached **** piety under Jiyva
  1950 | Sewer    | Reached XP level 5. HP: 47/47 MP: 4/4
  2034 | Sewer    | Noticed a kobold brigand
  2049 | Sewer    | Killed a kobold brigand
  2088 | D:3      | Killed Sigmund
  2089 | D:3      | Reached skill level 5 in Fighting
  2089 | D:3      | Reached skill level 5 in Unarmed Combat
  2089 | D:3      | Reached XP level 6. HP: 22/56 MP: 6/6
  2213 | D:3      | Killed Ijyb
  2309 | D:3      | Found a blossoming altar of Fedhas.
  2312 | D:3      | Found a sparkling altar of Nemelex Xobeh.
  2496 | D:4      | Reached ***** piety under Jiyva
  2521 | D:4      | Noticed a black bear
  2527 | D:4      | Killed a black bear
  2528 | D:4      | Reached XP level 7. HP: 43/61 MP: 7/7
  2605 | D:4      | Found a broken altar of Ashenzari.
  2751 | D:4      | Found Xaler's Book Emporium.
  2971 | D:4      | Noticed Grinder
  2997 | D:4      | Killed Grinder
  2998 | D:4      | Reached XP level 8. HP: 68/71 MP: 9/9
  3033 | D:4      | Noticed Pikel
  3064 | D:4      | Killed Pikel
  3202 | D:5      | Entered Level 5 of the Dungeon
  3251 | D:5      | Reached XP level 9. HP: 77/79 MP: 11/11
  3268 | D:5      | Found a shadowy altar of Dithmenos.
  3531 | D:5      | Found a basalt altar of Yredelemnul.
  4210 | D:6      | Reached skill level 5 in Dodging
  4216 | D:6      | Identified the +3 leather armour of Qigi {-Tele rF++ Will+
                  | Stlth+}
  4331 | D:7      | Noticed Duvessa
  4331 | D:7      | Noticed Dowan
  4343 | D:7      | Killed Duvessa
  4344 | D:7      | Reached skill level 5 in Invocations
  4370 | D:7      | Killed Dowan
  4533 | D:7      | Found a sacrificial altar of Ru.
  4591 | D:7      | Noticed Maggie
  4608 | D:7      | Killed Maggie
  4791 | D:7      | Reached XP level 10. HP: 56/90 MP: 13/13
  4905 | D:7      | Found a staircase to the Ecumenical Temple.
  5186 | D:8      | Reached ****** piety under Jiyva
  5236 | D:8      | Noticed Harold
  5254 | D:8      | Killed Harold
  5367 | D:8      | Found a staircase to the Lair.
  5375 | D:8      | Reached skill level 5 in Armour
  5555 | D:8      | Noticed Erica
  5574 | D:8      | Killed Erica
  5575 | D:8      | Reached skill level 10 in Fighting
  5575 | D:8      | Reached skill level 10 in Unarmed Combat
  5829 | D:8      | Found Wabrure's Distillery.
  5980 | D:8      | Found a stormy altar of Qazlal.
  6120 | D:9      | Reached XP level 11. HP: 100/100 MP: 14/14
  6135 | D:9      | Found a runed translucent door.
  6135 | D:9      | Noticed pkoi's ghost (journeyman MiGl)
  6147 | D:9      | Noticed a red ugly thing
  6149 | D:9      | Noticed a two-headed ogre
  6194 | D:9      | Slain by a red ugly thing

Illustrated notes

Levels and vault maps discovered:
D:1:      psy_arrival_terrarium, layout_rooms, serial_shops, shop_fountains,
          hellmonk_ecumenical_altar_slurped_away, st_stairs_7,
          minmay_heptomino_l4
D:2:      layout_loops_ring
D:3:      layout_rooms, nicolae_overflow_squiral, cheibrodos_sewer_entry_sluice,
          chequers_decorated_corner, minmay_misc_feat_five, uniq_sigmund,
          uniq_robin, uniq_ijyb
D:4:      layout_basic, ashenzari_altar_1, serial_shops, nicolae_square_shop,
          minmay_quantized, uniq_pikel, uniq_grinder
D:5:      wad_pebble_path, layout_basic, grunt_dithmenos_shadows,
          old_standard_altar, grunt_decor_junction, minivault_24
D:6:      layout_loops_ring
D:7:      layout_cave_pods, nicolae_ru_path_of_blood,
          minmay_temple_entry_poolview, corexii_hall_statues_l, uniq_maggie,
          uniq_duvessa
D:8:      cheibrodos_two_vegetables, layout_rooms, grunt_qazlal_clouds,
          erik_lair_dragon, serial_shops, kennysheep_mini_moat, uniq_harold,
          uniq_erica
D:9:      layout_roguey, hellmonk_ghost_happy_afterlife, kennysheep_path_1

Skill      XL: |  1  2  3  4  5  6  7  8  9 10 |
---------------+-------------------------------+-----
Invocations    | 1 2 3 4 5 6 |  6.6
Unarmed Combat | 4 5 6 7 8 10 | 10.3
Fighting       | 4 5 6 7 8 10 | 10.2
Armour         | 1 2 3 4 5 |  5.4
Dodging        | 3 4 5 6 |  6.2
Stealth        | |  2.1

Action                   |  1- 3 |  4- 6 |  7- 9 | 10-12 || total
-------------------------+-------+-------+-------+-------++-------
Melee: Unarmed           |   126 |   233 |   289 |   181 ||   829
       Punch             |     2 |     9 |    19 |    17 ||    47
Invok: Oozemancy         |       |       |     1 |     1 ||     2
  Use: Scroll            |     1 |       |     5 |     2 ||     8
 Stab: Sleeping          |     5 |       |     1 |     1 ||     7
       Distracted        |       |     1 |       |       ||     1
       Confused          |       |       |       |     2 ||     2
Armor: Robe              |    15 |    17 |       |       ||    32
       Ring mail         |       |   114 |    71 |       ||   185
       Acid dragon scale |       |       |     8 |    78 ||    86
Dodge: Dodged            |    84 |   220 |   179 |    96 ||   579
